 Dungeon Crawl Stone Soup version 0.31.0-12-g77e489cdc1 (webtiles) character file.

Game seed: 4677875090687569543

266 sking99 the Chopper (level 6, 0/48 HPs)
             Began as a Demonspawn Reaver on Feb 20, 2024.
             Slain by an adder (1 damage)
             ... on level 4 of the Dungeon.
             The game lasted 00:06:46 (3766 turns).

sking99 the Chopper (Demonspawn Reaver)             Turns: 3766, Time: 00:06:46

Health: 0/48       AC:  1    Str: 14    XL:     6   Next: 0%
Magic:  9/9        EV: 12    Int: 14    God:
Gold:   178        SH:  0    Dex: 11    Spells: 6/9 levels left

rFire   . . .        a - +0 hand axe
rCold   . . .        (no shield)
rNeg    . . .        (no body armour)
rPois   .            (no helmet)
rElec   .            (no cloak)
rCorr   .            (no gloves)
SInv    .            (no boots)
Will    .....        (no amulet)
Stlth   +            (no ring)
HPRegen 0.28/turn    (no ring)
MPRegen 0.22/turn

%: no passive effects
@: lethally poisoned (0 -> -3)
A: rugged brown scales 1, demonic guardian 1, magic regeneration
a: no special abilities


You were on level 4 of the Dungeon.
You visited 1 branch of the dungeon, and saw 4 of its levels.
You also visited: Sewer.

You collected 178 gold pieces.

Inventory:

Hand Weapons
 a - a +0 hand axe (weapon)
Armour
 b - a +0 leather armour
 q - a +0 plate armour
 r - a +0 chain mail
Jewellery
 c - a ring of positive energy
 e - a ring of flight
 j - a ring of see invisible
Wands
 l - a wand of roots (7)
Scrolls
 d - 2 scrolls of silence {unknown}
 f - a scroll of teleportation {unknown}
 h - 2 scrolls of identify {unknown}
 k - a scroll of fog {unknown}
 m - a scroll of blinking {unknown}
 n - a scroll of enchant armour {unknown}
 o - a scroll of enchant weapon {unknown}
 s - a scroll of immolation {unknown}
 u - a scroll of fear {unknown}
Potions
 g - a potion of ambrosia {unknown}
 i - 5 potions of heal wounds {unknown}
 p - a potion of curing {unknown}
 t - a potion of enlightenment {unknown}


   Skills:
 + Level 3.1 Fighting
 * Level 4.4 Axes
 - Level 1.7 Dodging
 - Level 2.0 Spellcasting
 + Level 3.9 Conjurations
 - Level 2.0 Necromancy
 + Level 1.3 Translocations


You had 6 spell levels left.
You knew the following spells:

 Your Spells              Type           Power      Damage    Failure   Level
a - Kiss of Death         Conj/Necr      36%        2d8       7%          1
b - Momentum Strike       Conj/Tloc      16%        3d8       12%         2

Your spell library contained the following spells:

 Spells                   Type           Power      Damage    Failure   Level
 Magic Dart               Conj           48%        1d5       4%          1
 Blink                    Tloc           10%        N/A       21%         2
 Lesser Beckoning         Tloc           10%        N/A       21%         2
 Hailstorm                Conj/Ice       6%         3d5       32%         3
 Call Imp                 Summ           2%         N/A       34%         2
 Confusing Touch          Hex            1%         N/A       56%         3
 Ozocubu's Armour         Ice            1%         N/A       56%         3
 Dispel Undead            Necr           7%         3d8       71%         4
 Metabolic Englaciation   Hex/Ice        0%         N/A       100%        5
 Sculpt Simulacrum        Ice/Alch       0%         N/A       100%        6


Dungeon Overview and Level Annotations

Branches:
Dungeon (4/15)              Sewer (visited)
 Temple: D:4-7

Altars:
Wu Jian
Yredelemnul

Shops:
D:1 ?   D:3 =

Annotations:
D:3 2 transporters


Innate Abilities, Weirdness & Mutations

You are partially covered in rugged brown scales. (AC +1, +3% HP)
A weak demonic guardian rushes to your aid.
You regenerate magic rapidly.


Message History

The adder bites you but does no damage. The adder barely misses you.
The adder bites you but does no damage. The adder bites you.
You are poisoned.
The adder poisons you!
You feel sick. The adder misses you.
You feel sick. The adder misses you. The adder closely misses you.
You feel sick. The adder bites you.
You are more poisoned.
The adder poisons you!
You feel sick. The adder bites you.
You feel sick. The adder bites you. x2
You feel sick. The adder barely misses you.
You feel sick. The adder bites you.
You feel sick.
You are no longer poisoned.
The adder closely misses you. The adder bites you.
* * * LOW HITPOINT WARNING * * *
The adder bites you.
* * * LOW HITPOINT WARNING * * *
You are poisoned.
The adder poisons you!
You feel sick. The adder bites you.
* * * LOW HITPOINT WARNING * * *
A demonic guardian appears!
You feel sick. The adder bites you.
* * * LOW HITPOINT WARNING * * *
You are lethally poisoned!
The adder poisons you!
* * * LOW HITPOINT WARNING * * *
You feel sick. The adder barely misses you.
Your ufetubus slips past the adder!
Your ufetubus hits the adder.
Your ufetubus barely misses the adder.
The adder barely misses you.
Your ufetubus barely misses the adder. x2
* * * LOW HITPOINT WARNING * * *
You feel sick.
Your ufetubus hits the adder.
Your ufetubus closely misses the adder.
The adder completely misses you.
* * * LOW HITPOINT WARNING * * *
You feel sick.
Your ufetubus misses the adder.
Your ufetubus closely misses the adder.
The adder bites you.
You die...

##########
#........# .
#.######.#
..#######.##
#.#
#..........#
#.#
#....5.....#
#.######
#.....S@...#
#.....<#
...........#
########
........)......
#..############
#. #


You could see an adder (ally target) and a friendly ufetubus (summoned).

Vanquished Creatures
  Pargi (Sewer)
  A bombardier beetle (D:3)
  2 adders
  2 river rats (D:3)
  2 dart slugs
  3 orcs (D:3)
  6 bats
  3 endoplasms
  2 giant cockroaches
  3 goblins (D:2)
  A hobgoblin (D:1)
  8 jackals
  3 quokkas
  2 frilled lizards
  3 kobolds
  9 rats
51 creatures vanquished.

Vanquished Creatures (collateral kills)
  Terence (D:3)
  An adder (D:3)
  A hobgoblin (D:3)
  5 jackals
  A kobold (Sewer)
  A quokka (D:3)
  3 goblins
  2 rats
15 creatures vanquished.

Grand Total: 66 creatures vanquished

Notes
Turn   | Place    | Note
-------+----------+-------------------------------------------
     0 | D:1      | sking99 the Demonspawn Reaver began the quest for the Orb.
     0 | D:1      | Reached XP level 1. HP: 16/16 MP: 3/3
    82 | D:1      | Found Lidyg's Magic Scroll Shop.
   141 | D:1      | Gained mutation: A weak demonic guardian rushes to your
                  | aid. [demonic ancestry]
   141 | D:1      | Reached XP level 2. HP: 3/20 MP: 5/5
   356 | D:1      | Reached skill level 3 in Axes
  1065 | D:2      | Reached skill level 1 in Necromancy
  1065 | D:2      | Gained mutation: You regenerate magic rapidly. [demonic
                  | ancestry]
  1065 | D:2      | Reached XP level 3. HP: 9/26 MP: 4/6
  1854 | D:3      | Reached XP level 4. HP: 29/34 MP: 7/7
  1890 | D:3      | Learned a level 2 spell: Momentum Strike
  1896 | D:3      | Found a glowing drain.
  1900 | Sewer    | Entered a sewer
  2025 | Sewer    | Noticed Pargi
  2037 | Sewer    | Killed Pargi
  2038 | Sewer    | Reached skill level 4 in Axes
  2038 | Sewer    | Reached XP level 5. HP: 17/40 MP: 5/8
  2305 | D:3      | Reached skill level 1 in Translocations
  2562 | D:3      | Noticed Terence
  2581 | D:3      | Killed Terence
  2897 | D:3      | Found a transporter.
  3129 | D:3      | Found a transporter.
  3144 | D:3      | Found Evixtoli's Jewellery Shoppe.
  3311 | D:3      | Found an ornate altar of the Wu Jian Council.
  3321 | D:3      | Found a basalt altar of Yredelemnul.
  3359 | D:3      | HP: 2/41 [hobgoblin (3)]
  3562 | D:3      | Gained mutation: You are partially covered in rugged brown
                  | scales. (AC +1, +3% HP) [demonic ancestry]
  3562 | D:3      | Reached XP level 6. HP: 27/48 MP: 9/9
  3766 | D:4      | HP: 1/48 [poisoned by an adder]
  3766 | D:4      | Slain by an adder

Illustrated notes

Levels and vault maps discovered:
D:1:      wander_arrival_desolate, layout_basic, serial_shops,
          nicolae_shop_rolled_up
D:2:      layout_loops_ring, minmay_randomly_rotated_circles
D:3:      gammafunk_wand_slinger, layout_basic,
          minmay_overflow_temple_star_quad, serial_shops,
          nicolae_shop_gaudy_bauble, gup_sewer_entry_spiral, uniq_terence
D:4:      minmay_octagon_keep, layout_basic, trog_book, general_overflow_altar

Skill      XL: |  1  2  3  4  5 |
---------------+----------------+-----
Axes           | 3 4 |  4.4
Necromancy     | 1 2 |  2.0
Fighting       | 3 |  3.1
Translocations | 1 |  1.3
Dodging        | |  1.7
Spellcasting   | |  2.0
Conjurations   | |  3.9

Action                     |  1- 3 |  4- 6 || total
---------------------------+-------+-------++-------
  Melee: Hand axe          |   140 |    80 ||   220
   Cast: Kiss of Death     |     2 |     1 ||     3
         Momentum Strike   |       |     1 ||     1
 Armour: Leather armour    |   111 |    32 ||   143
         Chain mail        |       |   224 ||   224
         Skin              |       |    36 ||    36
  Dodge: Dodged            |   120 |   177 ||   297
